 Dungeon Sprint DCSS version 0.21-a0-59-g7b0e191 (webtiles) character file.

139 Kidiri the Skirmisher (level 5, -1/54 HPs)
             Began as a Troll Fighter on June 16, 2017.
             Was a Believer of Wu Jian.
             Slain by a porcupine (8 damage)
             ... in the Dungeon (Sprint VII: "The Pits").
             The game lasted 00:02:27 (300 turns).

Kidiri the Skirmisher (Troll Fighter)                Turns: 300, Time: 00:02:28

Health: -1/54      AC:  5    Str: 25    XL:     5   Next: 1%
Magic:  4/4        EV: 11    Int:  4    God:    Wu Jian [**....]
Gold:   0          SH:  0    Dex:  9    Spells: 4/4 levels left

rFire    . . .     SeeInvis .   a - +2 mace
rCold    . . .     Gourm    +   (no shield)
rNeg     . . .     Faith    .   b - +0 robe
rPois    .         Spirit   .   (helmet restricted)
rElec    .         Reflect  .   (no cloak)
rCorr    .         Harm     .   (gloves unavailable)
MR       .....     NoTele   +   (boots unavailable)
Stlth    ++........             (no amulet)
HPRegen  0.58/turn              (no ring)
MPRegen  0.09/turn              (no ring)

@: no status effects
A: unfitting armour, claws 3, fast metabolism 3, gourmand, regeneration 1,
shaggy fur 1, tough skin 2
a: Renounce Religion


You were in the Dungeon.
You worshipped Wu Jian.
Wu Jian was pleased with you.
You were not hungry.

You visited 1 branch

Inventory:

Hand Weapons
 a - a +2 mace (weapon)
Armour
 b - a +0 robe (worn)
Scrolls
 k - a scroll of blinking
 l - 3 scrolls of remove curse
 m - 5 scrolls of amnesia
 n - a scroll of summoning
Potions
 c - 2 potions of invisibility
 d - a potion of might
 e - a potion of curing
 h - a potion of haste
 i - 4 potions of magic
 j - 3 potions of berserk rage
Comestibles
 f - 9 bread rations
 o - 40 fruits
 p - 7 meat rations


   Skills:
 * Level 4.2 Fighting
 * Level 4.1 Maces & Flails
 + Level 2.4 Throwing
 * Level 3.2 Armour
 * Level 4.2 Dodging
 * Level 2.4 Stealth
   Level 2.4 Shields


You had 4 spell levels left.
You didn't know any spells.

Dungeon Overview and Level Annotations

Branches:
Dungeon (1/1)

Altars:
Ashenzari
Cheibriados
Dithmenos
Elyvilon
Fedhas
Gozag
Hepliaklqana
Kikubaaqudgha
Makhleb
Nemelex Xobeh
Okawaru
Qazlal
Ru
Sif Muna
Trog
Uskayaw
Vehumet
Wu Jian
Xom
Yredelemnul
Zin
The Shining One
Beogh
Jiyva
Lugonu


Innate Abilities, Weirdness & Mutations

You are too large for most types of armour.
You have claws for hands.
Your metabolism is lightning-fast.
You like to eat raw meat.
Your natural rate of healing is unusually fast.
You are covered in fur. (AC +1)
You have very tough skin. (AC +2)


Message History

* * * LOW HITPOINT WARNING * * *
You hit the porcupine.
The porcupine is severely wounded.
The porcupine completely misses you.
Unknown command.
The porcupine barely misses you.
There is an open door to the Storerooms (Easy) here.
You attack the porcupine from above, but your attack speed is too slow for a blow to land.
The porcupine bites you!
* * * LOW HITPOINT WARNING * * *
Unknown command.
The porcupine barely misses you.
The porcupine bites you but does no damage.
You attack the porcupine from above.
You hit the porcupine.
The porcupine is almost dead.
The porcupine bites you.
* * * LOW HITPOINT WARNING * * *
Unknown command.
The porcupine bites you!
You die...

_.# _.#
..###########++######
#+##................#
+.##......#..#......#
#.##................+
...'................+
####......#..#..§§..#
..##............@r§.#
#'#####+#####++######
.)##.......#
..##.......#
####.......#
.†##...<...#
†.##.......#
..##.......#
####.......#


You could see a porcupine.

Vanquished Creatures
  A floating eye (D)
  A worker ant (D)
  An adder (D)
  A ball python (D)
  A bat (D)
  A goblin (D)
  A quokka (D)
  A frilled lizard (D)
8 creatures vanquished.

Notes
Turn   | Place    | Note
-------+----------+-------------------------------------------
     0 | D        | Kidiri the Troll Fighter began the quest for the Orb.
     0 | D        | Reached XP level 1. HP: 22/22 MP: 0/0
    28 | D        | Reached skill level 1 in Armour
    28 | D        | Reached skill level 1 in Stealth
    28 | D        | Reached XP level 2. HP: 29/29 MP: 1/1
    62 | D        | Found a bloodstained altar of Trog.
    62 | D        | Found a deep blue altar of Sif Muna.
    62 | D        | Found a viscous altar of Jiyva.
    62 | D        | Found a hazy altar of Hepliaklqana.
    62 | D        | Found an opulent altar of Gozag.
    63 | D        | Found a glowing golden altar of the Shining One.
    63 | D        | Found a glowing silver altar of Zin.
    63 | D        | Found a basalt altar of Yredelemnul.
    63 | D        | Found a shimmering altar of Xom.
    63 | D        | Found an ornate altar of the Wu Jian Council.
    63 | D        | Found a sacrificial altar of Ru.
    63 | D        | Found a stormy altar of Qazlal.
    63 | D        | Found an iron altar of Okawaru.
    63 | D        | Found a sparkling altar of Nemelex Xobeh.
    63 | D        | Found a burning altar of Makhleb.
    63 | D        | Found a blossoming altar of Fedhas.
    63 | D        | Found a white marble altar of Elyvilon.
    63 | D        | Found a shadowy altar of Dithmenos.
    63 | D        | Found a snail-covered altar of Cheibriados.
    65 | D        | Found a radiant altar of Vehumet.
    65 | D        | Found a corrupted altar of Lugonu.
    65 | D        | Found a roughly hewn altar of Beogh.
    66 | D        | Found a hide-covered altar of Uskayaw.
    66 | D        | Found an ancient bone altar of Kikubaaqudgha.
    66 | D        | Found a shattered altar of Ashenzari.
    72 | D        | Became a worshipper of the Wu Jian Council
    92 | D        | Reached skill level 1 in Throwing
    92 | D        | Reached XP level 3. HP: 23/37 MP: 2/2
   126 | D        | Noticed a floating eye
   129 | D        | Paralysed by a floating eye for 2 turns
   132 | D        | Killed a floating eye
   132 | D        | Reached * piety under Wu Jian
   132 | D        | Reached XP level 4. HP: 48/48 MP: 3/3
   244 | D        | Noticed a porcupine
   251 | D        | Reached ** piety under Wu Jian
   251 | D        | Reached XP level 5. HP: 47/54 MP: 4/4
   263 | D        | HP: 1/54 [porcupine (8)]
   284 | D        | HP: 2/54 [porcupine (7)]
   300 | D        | Slain by a porcupine

Vault maps used:
D:        pitsprint

Skill      XL: |  1  2  3 |
---------------+----------+-----
Maces & Flails | 2 4 |  4.1
Armour         | 1 3 |  3.2
Stealth        | 1 2 |  2.4
Fighting       | 3 4 |  4.2
Throwing       | 1 2 |  2.4
Dodging        | 3 4 |  4.2
Shields        | |  2.4

Action                   |  1- 3 |  4- 6 || total
-------------------------+-------+-------++-------
Melee: Unarmed           |     5 |       ||     5
       Mace              |     8 |    15 ||    23
  Use: Potion            |       |     1 ||     1
 Stab: Sleeping          |     1 |     1 ||     2
  Eat: Chunk             |       |     3 ||     3
Armor: Robe              |     3 |     6 ||     9
Dodge: Dodged            |     7 |    13 ||    20
